 Dungeon Crawl Stone Soup version 0.28-a0-1190-g77e1c55843 (webtiles) character file.

Game seed: 1752587522257558265

151 karrick the Sneak (level 5, -1/37 HPs)
             Began as a Gnoll Enchanter on Dec 19, 2021.
             Slain by a hound zombie (2 damage)
             ... in an ossuary.
             The game lasted 00:07:20 (3501 turns).

karrick the Sneak (Gnoll Enchanter)                 Turns: 3501, Time: 00:07:20

Health: -1/37      AC:  2    Str:  9    XL:     5   Next: 33%
Magic:  12/12      EV: 13    Int: 14    God:
Gold:   214        SH:  0    Dex: 13    Spells: 8/14 levels left

rFire   . . .      SeeInvis .   a - +1 dagger
rCold   . . .      Faith    .   (no shield)
rNeg    . . .      Spirit   .   b - +0 robe
rPois   .          Reflect  .   (no helmet)
rElec   .          Harm     .   (no cloak)
rCorr   .          Rampage  .   (no gloves)
Will    .....                   (no boots)
Stlth   +++.......              (no amulet)
HPRegen 0.12/turn               (no ring)
MPRegen 0.13/turn               (no ring)

@: hasted, very quick
A: fangs 1, strong nose, distributed training
a: no special abilities


You were in an ossuary.
You visited 1 branch of the dungeon, and saw 6 of its levels.
You also visited: Ossuary.

You collected 214 gold pieces.

Inventory:

Hand Weapons
 a - a +1 dagger (weapon)
 k - a +0 rapier
Armour
 b - a +0 robe (worn)
Jewellery
 d - an amulet of guardian spirit
 m - a +4 ring of slaying
Scrolls
 c - a scroll of fog {unknown}
 e - 3 scrolls of identify
 g - a scroll of amnesia {unknown}
 l - a scroll of magic mapping {unknown}
 n - a scroll of torment {unknown}
 o - a scroll of fear {unknown}
 q - 3 scrolls of noise
Potions
 f - a potion of cancellation {unknown}
 h - 2 potions of magic {unknown}
 i - 2 potions of brilliance {unknown}
 j - 3 potions of haste
 p - a potion of heal wounds {unknown}
 r - a potion of curing {unknown}


   Skills:
 + Level 1.4 Fighting
 + Level 3.0 Short Blades
 + Level 1.4 Long Blades
 + Level 1.4 Axes
 + Level 1.4 Maces & Flails
 + Level 1.4 Polearms
 + Level 1.4 Staves
 + Level 1.4 Slings
 + Level 1.4 Bows
 + Level 1.4 Crossbows
 + Level 1.4 Throwing
 + Level 1.4 Armour
 + Level 4.8 Dodging
 + Level 6.1 Stealth
 + Level 1.4 Shields
 + Level 1.4 Unarmed Combat
 + Level 5.2 Spellcasting
 + Level 1.1 Conjurations
 + Level 5.5 Hexes
 + Level 1.1 Summonings
 + Level 1.1 Necromancy
 + Level 1.1 Translocations
 + Level 1.1 Transmutations
 + Level 1.1 Fire Magic
 + Level 1.1 Ice Magic
 + Level 1.1 Air Magic
 + Level 1.1 Earth Magic
 + Level 1.1 Poison Magic
 + Level 1.6 Invocations
 + Level 1.4 Evocations


You had 8 spell levels left.
You knew the following spells:

 Your Spells              Type           Power      Damage    Failure   Level
a - Confusing Touch       Hex            19%        N/A       5%          3
b - Tukima's Dance        Hex            19%        N/A       5%          3

Your spell library contained the following spells:

 Spells                   Type           Power      Damage    Failure   Level
 Ensorcelled Hibernation  Hex/Ice        26%        N/A       6%          2
 Dazzling Flash           Conj/Hex       26%        N/A       13%         3
 Hailstorm                Conj/Ice       6%         3d4       71%         4
 Ice Form                 Ice/Tmut       6%         N/A       71%         4
 Simulacrum               Ice/Necr       3%         N/A       100%        6


Dungeon Overview and Level Annotations

Branches:
Dungeon (6/15)            Ossuary (1/1)
 Temple: D:4-7

Altars:
Makhleb

Shops:
D:2 (


Innate Abilities, Weirdness & Mutations

You have very sharp teeth.
Your uncanny sense of smell can sniff out nearby items.
Your experience applies equally to all skills.


Message History

The elf zombie hits the goblin zombie.
You hit the elf zombie.
You bite the elf zombie, but do no damage.
The elf zombie is lightly damaged.
The hobgoblin zombie closely misses you.
You barely miss the elf zombie.
The elf zombie is lightly damaged.
The elf zombie hits you. The hobgoblin zombie barely misses you.
You barely miss the elf zombie.
The elf zombie is lightly damaged.
A mummy comes into view.
The kobold zombie hits you but does no damage.
The hound zombie bites you. The hound zombie closely misses you.
The hound zombie completely misses you.
Found 29 gold pieces.
A mummy comes into view.
Found 25 gold pieces.
The hound zombie misses you.
Found a gate leading back out of this place.
The hound zombie bites you. The mummy hits you!!
* * * LOW HITPOINT WARNING * * *
The hound zombie bites you but does no damage.
The hound zombie bites you.
* * * LOW HITPOINT WARNING * * *
The hound zombie closely misses you. The hound zombie barely misses you.
The hound zombie bites you.
* * * LOW HITPOINT WARNING * * *
The hound zombie bites you.
* * * LOW HITPOINT WARNING * * *
As you read the scroll labelled XUKUAT KOKLO, it crumbles to dust.
It is a scroll of identify.
q - 3 scrolls of noise The hound zombie bites you.
* * * LOW HITPOINT WARNING * * *
The hound zombie bites you.
* * * LOW HITPOINT WARNING * * *
It was a potion of haste.
You feel yourself speed up. The hound zombie closely misses you.
The hound zombie bites you.
You die...

#................
#..................
#.....##.......Z...
#.....##..........Z
#..Z..Z............
#..Z..Z............
#ZM#...Z...........
#ZZ##.ZZ...........
#∩@##..M.......∩∩..
#..##..............
#..#...............
#..................
#.....##...........
#.....##...........
#..................
#..................
........M#####.


You could see a mummy, an adder zombie, 2 hound zombies, a hobgoblin zombie and
a kobold zombie.

Vanquished Creatures
  A centaur skeleton (D:4)
  An iguana (D:3)
  A gnoll (D:1)
  2 adders
  A worm (D:2)
  An adder skeleton (D:4)
  2 dart slugs
  9 ball pythons
  2 endoplasms
  3 giant cockroaches
  6 hobgoblins
  A quokka (D:1)
  5 bats
  4 frilled lizards
  6 goblins
  10 kobolds
  6 rats
61 creatures vanquished.

Notes
Turn   | Place    | Note
-------+----------+-------------------------------------------
     0 | D:1      | karrick the Gnoll Enchanter began the quest for the Orb.
     0 | D:1      | Reached XP level 1. HP: 13/13 MP: 6/6
    24 | D:1      | Reached XP level 2. HP: 20/20 MP: 7/7
   172 | D:1      | HP: 1/20 [constriction (1)]
   728 | D:1      | Reached XP level 3. HP: 25/25 MP: 9/9
   732 | D:1      | Reached skill level 5 in Spellcasting
   769 | D:1      | Learned a level 3 spell: Confusing Touch
   801 | D:1      | Reached skill level 6 in Stealth
   995 | D:1      | Reached skill level 1 in Invocations
  1345 | D:2      | Reached skill level 1 in Fighting
  1345 | D:2      | Reached skill level 1 in Long Blades
  1345 | D:2      | Reached skill level 1 in Axes
  1345 | D:2      | Reached skill level 1 in Maces & Flails
  1345 | D:2      | Reached skill level 1 in Polearms
  1345 | D:2      | Reached skill level 1 in Staves
  1345 | D:2      | Reached skill level 1 in Slings
  1345 | D:2      | Reached skill level 1 in Bows
  1345 | D:2      | Reached skill level 1 in Crossbows
  1345 | D:2      | Reached skill level 1 in Throwing
  1345 | D:2      | Reached skill level 1 in Armour
  1345 | D:2      | Reached skill level 1 in Shields
  1345 | D:2      | Reached skill level 1 in Unarmed Combat
  1345 | D:2      | Reached skill level 1 in Evocations
  1345 | D:2      | Reached XP level 4. HP: 28/32 MP: 8/11
  1660 | D:2      | Found a faded altar of an unknown god.
  1895 | D:2      | Found Cishi's Weapon Shoppe.
  2048 | D:3      | Found a burning altar of Makhleb.
  2145 | D:3      | Reached skill level 1 in Conjurations
  2145 | D:3      | Reached skill level 1 in Summonings
  2145 | D:3      | Reached skill level 1 in Necromancy
  2145 | D:3      | Reached skill level 1 in Translocations
  2145 | D:3      | Reached skill level 1 in Transmutations
  2145 | D:3      | Reached skill level 1 in Fire Magic
  2145 | D:3      | Reached skill level 1 in Ice Magic
  2145 | D:3      | Reached skill level 1 in Air Magic
  2145 | D:3      | Reached skill level 1 in Earth Magic
  2145 | D:3      | Reached skill level 1 in Poison Magic
  2321 | D:3      | Learned a level 3 spell: Tukima's Dance
  2779 | D:3      | Reached XP level 5. HP: 36/37 MP: 12/12
  3414 | D:4      | You fall into a shaft and drop 2 floors!
  3419 | D:5      | Entered Level 5 of the Dungeon
  3452 | D:5      | Found a sand-covered staircase.
  3457 | Ossuary  | Entered an ossuary
  3500 | Ossuary  | HP: 1/37 [hound zombie (1)]
  3501 | Ossuary  | Slain by a hound zombie

Illustrated notes

Levels and vault maps discovered:
D:1:      dpeg_arrival_rooms_b, layout_basic
D:2:      layout_rooms, serial_shops, nicolae_shop_bloodbath_and_beyond,
          basic_ecumenical_altar, minmay_goblin_kobold_house
D:3:      layout_loops_ring, lightli_temple_of_fire,
          chequers_serial_rivers_micro_a, minmay_increasing_density
D:4:      layout_cave_pods, nemelex_dance_club_becter, serial_shops, shop,
          kennysheep_mini_moat, shop, shop, nicolae_shop_trees,
          uniq_blork_the_orc, uniq_crazy_yiuf_cottage
D:5:      layout_loops_ring, mainiacjoe_overflow_concentric_impassable,
          minitemple, minmay_temple_entry_grid, enter_ossuary_2, st_stairs_8,
          kennysheep_nondescript, uniq_ijyb
D:6:      layout_basic, grunt_ministairs_2
Ossuary:  ossuary_minmay_tomb_2a

Skill      XL: |  1  2  3  4  5 |
---------------+----------------+-----
Spellcasting   | 5 |  5.2
Stealth        | 6 |  6.1
Invocations    | 1 |  1.6
Fighting       | 1 |  1.4
Long Blades    | 1 |  1.4
Axes           | 1 |  1.4
Maces & Flails | 1 |  1.4
Polearms       | 1 |  1.4
Staves         | 1 |  1.4
Slings         | 1 |  1.4
Bows           | 1 |  1.4
Crossbows      | 1 |  1.4
Throwing       | 1 |  1.4
Armour         | 1 |  1.4
Shields        | 1 |  1.4
Unarmed Combat | 1 |  1.4
Evocations     | 1 |  1.4
Conjurations   | 1 |  1.1
Summonings     | 1 |  1.1
Necromancy     | 1 |  1.1
Translocations | 1 |  1.1
Transmutations | 1 |  1.1
Fire Magic     | 1 |  1.1
Ice Magic      | 1 |  1.1
Air Magic      | 1 |  1.1
Earth Magic    | 1 |  1.1
Poison Magic   | 1 |  1.1
Short Blades   | 3 |  3.0
Dodging        | |  4.8
Hexes          | |  5.5

Action                   |  1- 3 |  4- 6 || total
-------------------------+-------+-------++-------
Melee: Dagger            |   105 |   139 ||   244
       Bite              |    12 |    14 ||    26
       Punch             |     1 |       ||     1
 Cast: Confusing Touch   |     1 |    12 ||    13
  Use: Potion            |     1 |     1 ||     2
       Scroll            |       |     1 ||     1
 Stab: Sleeping          |    11 |     7 ||    18
       Invisible         |     1 |       ||     1
       Confused          |     1 |     9 ||    10
Armor: Robe              |    15 |    19 ||    34
Dodge: Dodged            |    73 |    82 ||   155

Table legend: (Time is in decaauts)
 A = Elapsed time spent in this place.
 B = Non-inter-level travel time spent in this place.
 C = Inter-level travel time spent in this place.
 D = Time resting spent in this place.
 E = Time spent auto-exploring this place.
 F = Levels seen in this place.
 G = Mean time per level.
                   A        B        C        D        E       F      G
               +--------+--------+--------+--------+--------+-----+--------+
         Total |   3468 |   3401 |     67 |      0 |   2703 |   7 |  495.4 |
       Dungeon |   3425 |   3358 |     67 |      0 |   2703 |   6 |  570.8 |
       Ossuary |     42 |     42 |      0 |      0 |      0 |   1 |   42.0 |
               +--------+--------+--------+--------+--------+-----+--------+

Top non-repeatable levels by time:
     D:1: 1165 daAuts
     D:3: 1103 daAuts
     D:2: 813 daAuts
     D:4: 301 daAuts
 Ossuary: 42 daAuts
     D:5: 37 daAuts
     D:6: 4 daAuts
